 Dungeon Crawl Stone Soup version 0.28.0-43-g3370ac3207 (webtiles) character file.

Game seed: 4907921535136670685

28 protoss039 the Magician (level 3, 0/27 HPs)
             Began as a Djinni Earth Elementalist on Mar 17, 2022.
             Slain by Terence
             ... wielding a +0 hand axe
              (3 damage)
             ... on level 2 of the Dungeon.
             The game lasted 00:01:29 (1565 turns).

protoss039 the Magician (Djinni Earth Elementalist) Turns: 1565, Time: 00:01:30

Health: 0/27       AC:  3    Str:  7    XL:     3   Next: 27%
Gold:   21         EV: 12    Int: 18    God:
                   SH:  0    Dex: 13

rFire   + + .      SeeInvis .   g - +0 short sword
rCold   x . .      Faith    .   (no shield)
rNeg    . . .      Spirit   .   b - +0 robe
rPois   ∞          Reflect  .   (no helmet)
rElec   .          Harm     .   h - +0 cloak
rCorr   .          Rampage  .   (no gloves)
Will    .....                   (boots unavailable)
Stlth   ++........              (no amulet)
HPRegen 0.09/turn               (no ring)
MPRegen 0.00/turn               (no ring)

@: flying
A: sickness immunity, fire resistance 2, cold vulnerability 1, float, innate
caster, HP casting, extra vitality 1
a: no special abilities


You were on level 2 of the Dungeon.
You visited 1 branch of the dungeon, and saw 2 of its levels.

You collected 21 gold pieces.

Inventory:

Hand Weapons
 g - a +0 short sword (weapon)
Missiles
 c - 4 stones
Armour
 b - a +0 robe (worn)
 h - a +0 cloak (worn)
Scrolls
 a - 3 scrolls of magic mapping {unknown}
 e - a scroll of identify {unknown}
Potions
 d - a potion of resistance {unknown}
 f - 3 potions of cancellation {unknown}


   Skills:
 * Level 1.1 Fighting
 + Level 0.3 Short Blades
 - Level 2.2 Dodging
 - Level 1.6 Stealth
 - Level 3.0 Spellcasting


You couldn't memorise any spells.
You knew the following spells:

 Your Spells              Type           Power      Damage    Failure   Level
a - Sandblast             Erth           26%        2d8       4%          1
b - Passwall              Tmut/Erth      10%        N/A       7%          2
c - Stone Arrow           Conj/Erth      26%        3d8       14%         3
d - Petrify               Tmut/Erth      13%        N/A       43%         4
e - Shock                 Conj/Air       52%        1d6       4%          1
Your spell library was empty.

Dungeon Overview and Level Annotations

Branches:
Dungeon (2/15)

Altars:

Annotations:
D:2 Terence


Innate Abilities, Weirdness & Mutations

You are immune to sickness and miasma.
You are immune to poison.
Your flesh is very heat resistant. (rF++)
You are vulnerable to cold. (rC-)
You float through the air rather than walking.
You learn spells naturally, not from books.
Your magical power is your life essence.
You have superior vitality. (+4 MHP)


Message History

You hit the quokka.
The quokka is almost dead.
The quokka barely misses you.
You hit the quokka.
You kill the quokka!
No target in view!
Unknown command.
You now have 21 gold pieces (gained 7).
Terence the Incautious comes into view.
He is wielding a +0 hand axe.
Found a robe.
Terence is nearby!
Terence is nearby!
Terence shouts!
Terence hits you with a +0 hand axe!
You barely miss Terence. Terence hits you with a +0 hand axe.
Unknown command.
Okay, then.
Casting: Sandblast (safe; 4% risk of failure)
Confirm with . or Enter, or press ? or * to list all spells.
Aiming: Shock (safe; 4% risk of failure)
Press: ? - help, Shift-Dir - straight line That beam is likely to hit you.
Continue anyway? [Y]es or [N]o only, please.
That beam is likely to hit you.
Continue anyway?
Okay, then.
Casting: Shock (safe; 4% risk of failure)
Confirm with . or Enter, or press ? or * to list all spells.
Aiming: Shock (safe; 4% risk of failure)
Press: ? - help, Shift-Dir - straight line That beam is likely to hit you.
Continue anyway?
The zap hits you.
The zap hits Terence.
Terence is lightly wounded.
The zap misses Terence.
Terence hits you with a +0 hand axe.
* * * LOW HITPOINT WARNING * * *
Unknown command.
Unknown command.
Unknown command.
Terence closely misses you. Terence hits you with a +0 hand axe.
You die...

#. #. #.
####.###############
..............†....#
######....@..........#
#..........@.........#
.#####.###.##########
#...<..........#
..........<.....#.#
#.##.#...........[#
...................
#####.....####.###.#
#.....# .. # #.....#
#.#


You could see Terence.

Vanquished Creatures
  A dart slug (D:1)
  2 ball pythons (D:1)
  A bat (D:1)
  3 endoplasms (D:1)
  A giant cockroach (D:1)
  5 hobgoblins (D:1)
  2 quokkas
  2 frilled lizards (D:1)
  3 goblins (D:1)
  A kobold (D:1)
  A rat (D:1)
22 creatures vanquished.

Notes
Turn   | Place    | Note
-------+----------+-------------------------------------------
     0 | D:1      | protoss039 the Djinni Earth Elementalist began the quest
                  | for the Orb.
     0 | D:1      | Reached XP level 1. HP: 15/15 MP: 0/0
   388 | D:1      | Reached XP level 2. HP: 20/21 MP: 0/0
   891 | D:1      | Reached skill level 3 in Spellcasting
  1110 | D:1      | Reached XP level 3. HP: 24/26 MP: 0/0
  1110 | D:1      | Learned a level 1 spell: Shock
  1341 | D:1      | Reached skill level 1 in Fighting
  1554 | D:2      | Noticed Terence
  1565 | D:2      | Slain by Terence

Illustrated notes

Levels and vault maps discovered:
D:1:      wheals_arrival_shading, layout_basic, minmay_tromino_i4
D:2:      layout_basic, basic_altar, serial_bayou, serial_bayou_pond_d,
          serial_bayou_lake_a, serial_bayou_pond_c, serial_bayou_shore_b,
          serial_bayou_crossing, uniq_terence

Skill      XL: |  1  2  3 |
---------------+----------+-----
Spellcasting   | 3 |  3.0
Fighting       | 1 |  1.1
Short Blades   | |  0.3
Dodging        | |  2.2
Stealth        | |  1.6

Action                   || total
-------------------------++-------
Melee: Unarmed           ||    10
       Short sword       ||    24
 Cast: Sandblast         ||    26
       Shock             ||     1
 Stab: Sleeping          ||     2
Armor: Robe              ||     6
Dodge: Dodged            ||    28
